 Dungeon Crawl Stone Soup version 0.26-a0-771-g060e6a62af (webtiles) character file.

Game seed: 15388959568671757517

66 Forecaster the Stinger (level 4, -4/36 HPs)
             Began as a Naga Venom Mage on Nov 8, 2020.
             Killed from afar by Natasha (8 damage)
             ... with a magic dart
             ... on level 2 of the Dungeon.
             The game lasted 00:04:40 (2496 turns).

Forecaster the Stinger (Naga Venom Mage)            Turns: 2496, Time: 00:04:41

Health: -4/36      AC:  2    Str: 10    XL:     4   Next: 15%
Magic:  2/7        EV: 10    Int: 17    God:
Gold:   65         SH:  0    Dex: 11    Spells: 5/8 levels left

rFire    . . .     SeeInvis +   p - +0 whip (drain)
rCold    . . .     Faith    .   (no shield)
rNeg     . . .     Spirit   .   a - +0 robe
rPois    +         Reflect  .   (no helmet)
rElec    .         Harm     .   (no cloak)
rCorr    .         Rampage  .   (no gloves)
MR       .....                  (no barding)
Stlth    ++........             (no amulet)
HPRegen  0.12/turn              (no ring)
MPRegen  0.10/turn              (no ring)

@: lightly drained, very slow
A: large, see invisible, deformed body, poison resistance, slowness 2, spit
poison 1, AC +1
a: Spit Poison


You were on level 2 of the Dungeon.
You visited 1 branch of the dungeon, and saw 2 of its levels.

You collected 65 gold pieces.

Inventory:

Hand Weapons
 b - a +0 club
 e - a +0 short sword
 f - a +0 dagger
 o - a +0 short sword
 p - a +0 whip of draining (weapon)
Armour
 a - a +0 robe (worn)
Jewellery
 g - a +6 ring of intelligence {unknown}
 m - an uncursed amulet of faith {unknown}
 q - an uncursed ring of flight
Scrolls
 d - 5 scrolls of enchant armour {unknown}
 k - a scroll of remove curse {unknown}
 l - 2 scrolls of identify {unknown}
 n - 2 scrolls of teleportation {unknown}
Potions
 c - a potion of mutation {unknown}
 h - 3 potions of curing {unknown}
 i - a potion of might {unknown}
 j - 3 potions of heal wounds {unknown}


   Skills:
 + Level 0.1(0.0) Fighting
 + Level 0.4(0.2) Short Blades
 + Level 1.9(1.7) Dodging
 + Level 3.7(3.5) Stealth
 + Level 2.5(2.3) Spellcasting
 + Level 1.2(0.9) Transmutations
 + Level 0.8(0.6) Air Magic
 + Level 4.9(4.6) Poison Magic


You had 5 spell levels left.
You knew the following spells:

 Your Spells              Type           Power        Failure   Level
a - Sting                 Tmut/Pois      ##..         6%          1
b - Poisonous Vapours     Pois/Air       ##....       10%         2

Your spell library contained the following spells:

 Spells                   Type           Power        Failure   Level
 Ignite Poison            Fire/Tmut/Pois #.......     26%         3
 Mephitic Cloud           Conj/Pois/Air  #.......     26%         3
 Olgreb's Toxic Radiance  Pois           ###.....     26%         4


Dungeon Overview and Level Annotations

Branches:
Dungeon (2/15)

Altars:

Annotations:
D:2 Natasha


Innate Abilities, Weirdness & Mutations

You cannot wear boots.
Your serpentine skin is tough. (AC +1)
You have supernaturally acute eyesight. (SInv)
Armour fits poorly on your strangely shaped body.
Your system is resistant to poisons. (rPois)
You cover ground very slowly.
You can spit poison.


Message History

Natasha is lightly wounded.
Natasha claws you!
* * * LOW HITPOINT WARNING * * *
Natasha claws you!
* * * LOW HITPOINT WARNING * * *
Casting: Poisonous Vapours (safe; 10% risk of failure)
Confirm with . or Enter, or press ? or * to list all spells.
Aiming: Poisonous Vapours (safe; 10% risk of failure)
Press: ? - help, Dir - move target cursor, f/p - Natasha
Aim: Natasha (lightly wounded, poisoned) Poisonous vapours surround Natasha!
Natasha looks more healthy.
Natasha is engulfed in poison gas.
Natasha is poisoned.
Natasha casts a spell.
The crimson imp blinks!
Natasha barely misses you.
You closely miss Natasha.
Natasha is heavily wounded.
Natasha casts a spell at you. The magic dart hits you!
You die...

#.#
##.##
#.#
#.#
#.#
#.#
#.#
#.#
#.#
#.#
#.#
#.#
#.#
#.#
#@#
####h#
#†...#
#.####
#


You could see Natasha (poisoned).

Vanquished Creatures
  Natasha (D:2)
  An ooze (D:1)
  3 leopard geckos
  A ball python (D:1)
  3 giant cockroaches
  3 goblins
  5 hobgoblins
  7 kobolds
  2 bats (D:1)
  3 frilled lizards
  2 rats (D:1)
31 creatures vanquished.

Notes
Turn   | Place    | Note
-------+----------+-------------------------------------------
     0 | D:1      | Forecaster the Naga Venom Mage began the quest for the Orb.
     0 | D:1      | Reached XP level 1. HP: 15/15 MP: 3/3
   282 | D:1      | Reached XP level 2. HP: 18/22 MP: 0/5
   286 | D:1      | Learned a level 2 spell: Poisonous Vapours
   551 | D:1      | HP: 1/22 [hobgoblin (4)]
  1134 | D:1      | Reached XP level 3. HP: 28/28 MP: 3/6
  1899 | D:2      | Noticed Natasha
  1903 | D:2      | Killed Natasha
  1903 | D:2      | Reached XP level 4. HP: 17/36 MP: 0/7
  2487 | D:2      | Noticed Natasha
  2496 | D:2      | Killed from afar by Natasha

Illustrated notes

Levels and vault maps discovered:
D:1:      heliophobic_arrival_henge, layout_loops_corners, minivault_5
D:2:      layout_loops_ring, nicolae_overflow_quartered_altars, uniq_natasha

Action                   |  1- 3 |  4- 6 || total
-------------------------+-------+-------++-------
Melee: Unarmed           |    11 |       ||    11
       Club              |     2 |       ||     2
       Short sword       |     1 |       ||     1
       Dagger            |    27 |     1 ||    28
       Whip              |       |    11 ||    11
 Cast: Sting             |     9 |       ||     9
       Poisonous Vapours |    19 |     8 ||    27
 Abil: Spit Poison       |     1 |       ||     1
 Stab: Sleeping          |     1 |       ||     1
Armor: Robe              |     6 |     2 ||     8
Dodge: Dodged            |    23 |     3 ||    26

Table legend: (Time is in decaauts)
 A = Elapsed time spent in this place.
 B = Non-inter-level travel time spent in this place.
 C = Inter-level travel time spent in this place.
 D = Time resting spent in this place.
 E = Time spent auto-exploring this place.
 F = Levels seen in this place.
 G = Mean time per level.
                   A        B        C        D        E       F      G
               +--------+--------+--------+--------+--------+-----+--------+
         Total |   2904 |   2863 |     41 |    342 |   2283 |   2 | 1452.0 |
       Dungeon |   2904 |   2863 |     41 |    342 |   2283 |   2 | 1452.0 |
               +--------+--------+--------+--------+--------+-----+--------+

Top non-repeatable levels by time:
     D:1: 2219 daAuts
     D:2: 685 daAuts
